 Dungeon Crawl Stone Soup version 0.27-a0-242-ge0fc76b88b (webtiles) character file.

Game seed: 7969255776266109930

158 willcat the Digger (level 5, -3/35 HPs)
             Began as a Demonspawn Earth Elementalist on Feb 2, 2021.
             Slain by an orc
             ... wielding a +0 trident of protection
              (7 damage)
             ... on level 3 of the Dungeon.
             The game lasted 00:03:44 (3556 turns).

willcat the Digger (Demonspawn Earth Elementalist)  Turns: 3556, Time: 00:03:45

Health: -3/35      AC:  2    Str: 15    XL:     5   Next: 16%
Magic:  0/9        EV: 12    Int: 15    God:
Gold:   45         SH:  0    Dex: 13    Spells: 5/9 levels left

rFire    . . .     SeeInvis .     - Unarmed
rCold    . . .     Faith    .   (no shield)
rNeg     . . .     Spirit   .   c - +0 robe
rPois    .         Reflect  .   (no helmet)
rElec    .         Harm     .   (no cloak)
rCorr    .         Rampage  .   (no gloves)
Will     .....                  (no boots)
Stlth    ++........             (no amulet)
HPRegen  0.11/turn              a - ring of wizardry
MPRegen  0.11/turn              m - +6 ring of strength

@: no status effects
A: claws 2, dopey 1, high mp 1
a: no special abilities


You were on level 3 of the Dungeon.
You visited 1 branch of the dungeon, and saw 3 of its levels.

You collected 45 gold pieces.

Inventory:

Missiles
 b - 49 stones
Armour
 c - a +0 robe (worn)
Jewellery
 a - a ring of wizardry (left claw)
 m - a +6 ring of strength (right claw)
Wands
 l - a wand of polymorph (4)
Scrolls
 d - a scroll of amnesia {unknown}
 e - a scroll of remove curse {unknown}
 f - a scroll of noise {unknown}
 g - 2 scrolls of enchant weapon {unknown}
 h - 2 scrolls of identify {unknown}
 i - 2 scrolls of magic mapping {unknown}
 k - a scroll of teleportation {unknown}
 n - a scroll of enchant armour {unknown}
 p - a scroll of fear {unknown}
Potions
 j - a potion of haste {unknown}
 o - a potion of mutation


   Skills:
 - Level 1.7 Dodging
 - Level 1.7 Stealth
 + Level 1.8 Unarmed Combat
 + Level 2.6 Spellcasting
 + Level 1.4 Conjurations
 - Level 2.0 Transmutations
 + Level 3.7 Earth Magic


You had 5 spell levels left.
You knew the following spells:

 Your Spells              Type           Power        Failure   Level
a - Sandblast             Erth           26%          1%          1
b - Stone Arrow           Conj/Erth      18%          9%          3

Your spell library contained the following spells:

 Spells                   Type           Power        Failure   Level
 Passwall                 Tmut/Erth      8%           4%          2
 Petrify                  Tmut/Erth      10%          26%         4
 Lee's Rapid Deconstruct  Erth           6%           43%         5


Dungeon Overview and Level Annotations

Branches:
Dungeon (3/15)

Altars:
Okawaru

Portals:
Abyss: D:1***


Innate Abilities, Weirdness & Mutations

You have very sharp fingernails.
You are dopey. (Int -2)
You have an increased reservoir of magic. (+10% MP)


Message History

Confirm with . or Enter, or press ? or * to list all spells.
Aiming: Sandblast (safe; 1% risk of failure)
Press: ? - help, Shift-Dir - straight line, f/p - orc
Aim: an orc, wielding a +0 trident of protection and wearing a +0 leather armour (21% to evade)
The blast of sand hits the orc.
The orc is severely wounded.
The orc hits you from afar with a +0 trident of protection.
* * * LOW HITPOINT WARNING * * *
Casting: Sandblast (safe; 1% risk of failure)
Confirm with . or Enter, or press ? or * to list all spells.
Aiming: Sandblast (safe; 1% risk of failure)
Press: ? - help, Shift-Dir - straight line, f/p - orc
Aim: an orc, wielding a +0 trident of protection and wearing a +0 leather armour (severely wounded, 21% to evade)
The blast of sand hits the orc.
The orc is severely wounded.
The orc barely misses you.
It was a potion of mutation.
You feel extremely strange.
You feel stupid.
You feel more energetic.
The orc hits you from afar with a +0 trident of protection!
You die...

##########
#........#
######.######.#
##@..##...# #.#
##.....###.#
#.#
#..o)...##.#
#.#
#.......##[#
#.#
#.......##.#
#.#
##..†..###.#
### ##...####.#
######'##....#
...........####


You could see an orc.

Vanquished Creatures
  7 gnolls
  3 adders
  An ooze (D:1)
  2 worms (D:2)
  A dart slug (D:1)
  2 leopard geckos (D:1)
  An orc (D:3)
  2 ball pythons (D:2)
  2 giant cockroaches
  6 goblins
  8 hobgoblins
  2 kobolds (D:2)
  A quokka (D:2)
  8 bats
  8 rats
54 creatures vanquished.

Notes
Turn   | Place    | Note
-------+----------+-------------------------------------------
     0 | D:1      | willcat the Demonspawn Earth Elementalist began the quest
                  | for the Orb.
     0 | D:1      | Reached XP level 1. HP: 13/13 MP: 3/3
    23 | D:1      | Reached skill level 1 in Transmutations
   348 | D:1      | Reached skill level 3 in Earth Magic
   348 | D:1      | Gained mutation: You have sharp fingernails. [demonic
                  | ancestry]
   348 | D:1      | Reached XP level 2. HP: 10/19 MP: 1/5
  1048 | D:2      | Found an iron altar of Okawaru.
  1058 | D:2      | Reached XP level 3. HP: 19/24 MP: 1/6
  1440 | D:2      | Learned a level 3 spell: Stone Arrow
  1475 | D:2      | Reached skill level 1 in Unarmed Combat
  2219 | D:2      | Reached XP level 4. HP: 30/30 MP: 4/7
  2290 | D:2      | Reached skill level 1 in Conjurations
  2319 | D:1      | HP: 1/30 [gnoll/cursed -1 flail (11)]
  2758 | D:2      | Gained mutation: You have very sharp fingernails. [demonic
                  | ancestry]
  2758 | D:2      | Reached XP level 5. HP: 19/35 MP: 8/8
  3556 | D:3      | Gained mutation: You are dopey. (Int -2) [potion of
                  | mutation]
  3556 | D:3      | Gained mutation: You have an increased reservoir of magic.
                  | (+10% MP) [potion of mutation]
  3556 | D:3      | Slain by an orc

Illustrated notes

Levels and vault maps discovered:
D:1:      minmay_arrival_glassed_features, layout_rooms
D:2:      cheibrodos_helix_gallery, layout_basic, okawaru_gym_becter
D:3:      kennysheep_six_static_rooms, layout_basic

Skill      XL: |  1  2  3  4 |
---------------+-------------+-----
Transmutations | 1 2 |  2.0
Earth Magic    | 3 |  3.7
Unarmed Combat | 1 |  1.8
Conjurations   | 1 |  1.4
Dodging        | |  1.7
Stealth        | |  1.7
Spellcasting   | |  2.6

Action                   |  1- 3 |  4- 6 || total
-------------------------+-------+-------++-------
Melee: Unarmed           |    83 |    57 ||   140
       Short sword       |     9 |       ||     9
       Punch             |       |     2 ||     2
 Cast: Sandblast         |    31 |    26 ||    57
       Stone Arrow       |       |     1 ||     1
  Use: Potion            |       |     1 ||     1
 Stab: Sleeping          |     3 |     1 ||     4
Armor: Robe              |    24 |     7 ||    31
Dodge: Dodged            |    73 |    41 ||   114

Table legend: (Time is in decaauts)
 A = Elapsed time spent in this place.
 B = Non-inter-level travel time spent in this place.
 C = Inter-level travel time spent in this place.
 D = Time resting spent in this place.
 E = Time spent auto-exploring this place.
 F = Levels seen in this place.
 G = Mean time per level.
                   A        B        C        D        E       F      G
               +--------+--------+--------+--------+--------+-----+--------+
         Total |   3555 |   3474 |     81 |    803 |   2128 |   3 | 1185.0 |
       Dungeon |   3555 |   3474 |     81 |    803 |   2128 |   3 | 1185.0 |
               +--------+--------+--------+--------+--------+-----+--------+

Top non-repeatable levels by time:
     D:2: 1636 daAuts
     D:1: 1476 daAuts
     D:3: 442 daAuts
